 Dungeon Crawl Stone Soup version 0.31-a0-1163-gcee99d1eea (webtiles) character file.

Game seed: 12771533354847357579

1490208 ParallaxScroll the Conqueror (level 26, 212/212 HPs)
             Began as a Red Draconian Warper on Dec 4, 2023.
             Was a High Priest of Hepliaklqana.
             Escaped with the Orb
             ... and 3 runes on Dec 9, 2023!
             The game lasted 09:13:28 (90848 turns).

ParallaxScroll the Conqueror (DrWr)                Turns: 90848, Time: 09:13:28

Health: 212/212    AC: 23    Str: 10    XL:     26   Next: 76%
Magic:  29/30      EV: 31    Int: 24    God:    Hepliaklqana [*****.]
Gold:   465        SH:  4    Dex: 23    Spells: 9/35 levels left

rFire   + . .        a - +9 arbalest of Nufis {penet, rElec Will+ Dex+5}
rCold   + + .        (shield currently unavailable)
rNeg    + . .        (body armour unavailable)
rPois   .            x - +2 hat
rElec   +            k - +2 cloak {rCorr}
rCorr   +            y - +2 pair of gloves
SInv    .            T - +2 pair of boots
Will    ++...        U - amulet "Dolukh" {RegenMP rC++ Int+2}
Stlth   +            G - +4 ring of slaying
HPRegen 0.55/turn    L - ring of positive energy
MPRegen 0.62/turn

%: no passive effects
@: no status effects
A: reduced essence, breathe fire, AC +12, unfitting armour, fire resistance 1,
cold-blooded, large bone plates 1, clever 1, frail 1, weak 1
0: Orb of Zot
}: 3/15 runes: decaying, serpentine, slimy
a: Breathe Fire, Renounce Religion, Recall Ancestor, Ancestor Identity,
Transference, Idealise


You escaped.
You worshipped Hepliaklqana.
Hepliaklqana was extremely pleased with you.
You visited 11 branches of the dungeon, and saw 54 of its levels.
You visited 2 bazaars.
You also visited: Sewer, Bailey and Wizlab.

You collected 7504 gold pieces.
You spent 7039 gold pieces at shops.

Inventory:

Hand Weapons
 a - the +9 arbalest of Nufis (weapon) {penet, rElec Will+ Dex+5}
   (You found it on level 3 of the Depths)

   Dex+5:     It affects your dexterity (+5).
   rElec:     It insulates you from electricity.
   Will+:     It increases your willpower.
 b - a +9 hand cannon of freezing
Missiles
 n - 21 javelins
 q - 5 silver javelins
 z - 13 darts of dispersal
 Q - 11 throwing nets
 R - 3 curare-tipped darts
Armour
 k - a +2 cloak of preservation (worn)
 x - a +2 hat (worn)
 y - a +2 pair of gloves (worn)
 T - a +2 pair of boots (worn)
Jewellery
 l - the ring of Ufyrin Negae {Fire rElec rCorr Dex+4}
   (You found it on level 5 of the Pits of Slime)

   [ring of fire]

   Fire:      It enhances your fire magic.
   Dex+4:     It affects your dexterity (+4).
   rF+:       It protects you from fire.
   rC-:       It makes you vulnerable to cold.
   rElec:     It insulates you from electricity.
   rCorr:     It protects you from acid and corrosion.
 E - a ring of see invisible
 F - a ring of flight
 G - a +4 ring of slaying (left hand)
 L - a ring of positive energy (right hand)
 N - the ring of Kikubaaqudgha's Pride {rPois Str+5 Dex+6}
   (You bought it in a shop on level 9 of the Dungeon)

   [ring of dexterity]

   Str+5:     It affects your strength (+5).
   Dex+6:     It affects your dexterity (+6).
   rPois:     It protects you from poison
 O - a ring of willpower
 U - the amulet "Dolukh" (around neck) {RegenMP rC++ Int+2}
   (You bought it in a shop on level 2 of the Orcish Mines)

   [amulet of magic regeneration]

   RegenMP:   It increases your rate of magic regeneration.
   Int+2:     It affects your intelligence (+2).
   rC++:      It greatly protects you from cold.
Wands
 m - a wand of paralysis (43)
 J - a wand of acid (18)
 K - a wand of polymorph (46)
 M - a wand of roots (39)
 V - a wand of mindburst (43)
 Y - a wand of digging (13)
Scrolls
 f - 9 scrolls of immolation
 h - 2 scrolls of revelation
 i - 5 scrolls of fear
 s - 5 scrolls of silence
 t - 16 scrolls of teleportation
 w - 4 scrolls of blinking
 D - 3 scrolls of enchant weapon
 H - 7 scrolls of vulnerability
 I - 2 scrolls of summoning
 S - 13 scrolls of fog
Potions
 d - 3 potions of haste
 e - 21 potions of curing
 g - 2 potions of attraction
 o - 4 potions of invisibility
 p - a potion of cancellation
 r - 13 potions of heal wounds
 v - 4 potions of resistance
 A - 4 potions of enlightenment
 B - 3 potions of mutation
 C - 9 potions of might
 P - 4 potions of brilliance
 W - 4 potions of lignification
 X - 6 potions of ambrosia
 Z - 6 potions of magic
Miscellaneous
 c - a condenser vane
 j - a phantom mirror
 u - a box of beasts


   Skills:
 O Level 27 Fighting
 - Level 4.0 Long Blades
 - Level 20.0 Ranged Weapons
 - Level 9.0 Throwing
 + Level 21.9 Dodging
 - Level 16.0 Shields
 - Level 5.0 Spellcasting
 - Level 9.0 Conjurations
 - Level 12.0 Hexes
 - Level 9.0 Translocations
 - Level 12.0 Transmutations
 - Level 10.0 Invocations
 - Level 11.0 Evocations


You had 9 spell levels left.
You knew the following spells:

 Your Spells              Type           Power      Damage    Failure   Level
a - Wereblood             Tmut           59%        N/A       1%          2
b - Dimensional Bullseye  Hex/Tloc       27%        N/A       1%          4
c - Blink                 Tloc           98%        N/A       1%          2
d - Yara's Violent Unrav  Hex/Tmut       29%        3d12      1%          5
e - Tukima's Dance        Hex            59%        N/A       1%          3
f - Apportation           Tloc           98%        N/A       1%          1
g - Passage of Golubria   Tloc           49%        N/A       2%          4
h - Irradiate             Conj/Tmut      27%        3d20      3%          5

Your spell library contained the following spells:

 Spells                   Type           Power      Damage    Failure   Level
 Kiss of Death            Conj/Necr      100%       2d13      1%          1
 Magic Dart               Conj           100%       1d8       1%          1
 Shock                    Conj/Air       100%       1d9       1%          1
 Slow                     Hex            100%       N/A       1%          1
 Jinxbite                 Hex            100%       N/A       1%          2
 Lesser Beckoning         Tloc           98%        N/A       1%          2
 Momentum Strike          Conj/Tloc      98%        3d10      1%          2
 Confusing Touch          Hex            59%        N/A       1%          3
 Dazzling Flash           Conj/Hex       100%       N/A       1%          3
 Gell's Gravitas          Tloc           49%        N/A       1%          3
 Sigil of Binding         Hex            59%        N/A       1%          3
 Teleport Other           Tloc           49%        N/A       1%          3
 Cause Fear               Hex            29%        N/A       1%          4
 Fulminant Prism          Conj/Hex       27%        3d14      1%          4
 Inner Flame              Hex/Fire       34%        N/A       2%          3
 Summon Guardian Golem    Hex/Summ       34%        N/A       2%          3
 Iskenderun's Mystic Bla  Conj/Tloc      49%        2d11      2%          4
 Manifold Assault         Tloc           49%        N/A       2%          4
 Hailstorm                Conj/Ice       27%        3d8       4%          3
 Ignite Poison            Fire/Tmut/Pois 25%        N/A       4%          3
 Stone Arrow              Conj/Erth      54%        3d10      4%          3
 Volatile Blastmotes      Fire/Tloc      54%        2d14      4%          3
 Iskenderun's Battlesphe  Conj           49%        2d10      6%          5
 Mephitic Cloud           Conj/Pois/Air  20%        N/A       8%          3
 Anguish                  Hex/Necr       17%        N/A       8%          4
 Leda's Liquefaction      Hex/Erth       17%        N/A       8%          4
 Petrify                  Tmut/Erth      34%        N/A       8%          4
 Freeze                   Ice            24%        1d4       9%          1
 Necrotise                Necr           24%        1d5       9%          1
 Call Imp                 Summ           12%        N/A       13%         2
 Cigotuvi's Dreadful Rot  Necr/Pois/Air  12%        N/A       13%         2
 Scorch                   Fire           12%        2d5       13%         2
 Brom's Barrelling Bould  Conj/Erth      27%        2d5       14%         4
 Vhi's Electric Charge    Tloc/Air       54%        N/A       14%         4
 Alistair's Intoxication  Tmut/Pois      22%        N/A       21%         5
 Metabolic Englaciation   Hex/Ice        17%        N/A       21%         5
 Silence                  Hex/Air        17%        N/A       21%         5
 Summon Mana Viper        Hex/Summ       34%        N/A       21%         5
 Call Canine Familiar     Summ           6%         N/A       26%         3
 Frozen Ramparts          Ice            12%        1d2       26%         3
 Ozocubu's Armour         Ice            6%         N/A       26%         3
 Vampiric Draining        Necr           6%         2d6       26%         3
 Dispersal                Tloc           24%        N/A       32%         6
 Fireball                 Conj/Fire      13%        3d7       36%         5
 Summon Forest            Summ/Tloc      13%        N/A       36%         5
 Enfeeble                 Hex            29%        N/A       47%         7
 Freezing Cloud           Conj/Ice/Air   10%        6-21      56%         5
 Animate Dead             Necr           6%         N/A       65%         4
 Dispel Undead            Necr           6%         3d8       65%         4
 Orb of Destruction       Conj           24%        9d9       88%         7
 Bombard                  Conj/Erth      13%        9d3       91%         6
 Conjure Ball Lightning   Conj/Air       13%        3x3d6     91%         6
 Agony                    Necr           6%         N/A       94%         5
 Borgnjor's Vile Clutch   Necr/Erth      3%         N/A       94%         5
 Death Channel            Necr           3%         N/A       100%        6
 Simulacrum               Ice/Necr       3%         N/A       100%        6
 Summon Cactus Giant      Summ           3%         N/A       100%        6
 Malign Gateway           Summ/Tloc      13%        N/A       100%        7
 Ozocubu's Refrigeration  Ice            3%         4d8       100%        7
 Spellforged Servitor     Conj/Summ      13%        N/A       100%        7
 Summon Hydra             Summ           3%         N/A       100%        7
 Lehudib's Crystal Spear  Conj/Erth      13%        10d5      100%        8
 Summon Horrible Things   Summ           3%         N/A       100%        8
 Dragon's Call            Summ           3%         N/A       100%        9
 Polar Vortex             Ice            3%         N/A       100%        9
 Animate Armour           Summ/Erth      Unusable   N/A       N/A         4

Dungeon Overview and Level Annotations

Branches:
Dungeon (15/15)            Temple (0/1) D:5            Lair (5/5) D:9
  Swamp (4/4) Lair:3        Snake (4/4) Lair:2        Slime (5/5) Lair:5
    Orc (2/2) D:9             Elf (3/3) Orc:2        Vaults (4/5) D:14
  Crypt (3/3) Vaults:3     Depths (4/4) D:15            Zot (5/5) Depths:4
  Sewer (visited)          Bailey (visited)          WizLab (visited)
   Tomb: Crypt:3

Altars:
Cheibriados
Dithmenos
Fedhas
Hepliaklqana
Kikubaaqudgha
Makhleb
Okawaru
Qazlal
Sif Muna
Xom
Yredelemnul
Zin

Shops:
D:9 =*[?   D:10 *   D:15 =   Orc:2 [=:(   Elf:1 ![*:?   Snake:1 *   Snake:2 =::
Snake:3 :   Vaults:1 *   Vaults:3 ??   Depths:1 :

Portals:
Hell: Depths:1 Depths:2 Depths:3 Depths:4
Abyss: Depths:3
Pandemonium: Depths:2
Ziggurat: Depths:3
Trove: Depths:4 (give 7 scrolls of fear)

Annotations:
Swamp:1 2 transporters, avis's ghost, journeyman FeSh
Elf:2 3 runed translucent doors
Crypt:3 Vv
Depths:3 exclusion: upstairs


Innate Abilities, Weirdness & Mutations

Your life essence is reduced to manifest your ancestor. (-10% HP)
You can breathe blasts of fire.
Your fiery red scales are hard. (AC +12)
You cannot fit into any form of body armour.
Your flesh is heat resistant. (rF+)
You are cold-blooded and may be slowed by cold attacks.
You are partially covered in large bone plates. (SH +4)
Your mind is acute. (Int +4, Str/Dex -1)
You are frail. (-10% HP)
You are weak. (Str -2)


Message History

You shoot a bolt. The bolt pierces through the sun demon!
The sun demon is moderately wounded.
You shoot a bolt. The bolt closely misses the sun demon.
Synnove closely misses the sun demon.
The sun demon completely misses you.
You shoot a bolt.
The bolt pierces through the sun demon!!
The sun demon is severely wounded.
The sun demon hits you but does no damage.
Synnove casts a spell.
Synnove seems to speed up.
You shoot a bolt. The bolt pierces through the sun demon!
The sun demon is almost dead.
Synnove hits the sun demon with a +0 broad axe of speed.
The sun demon dies!
There is a stone staircase leading up here.
You climb upwards.
There is a stone staircase leading down here.
You see here a +0 dagger.
You see here a +0 whip.
Synnove is no longer moving quickly.
A Sam Zyeg and a red devil come into view.
Press: ? - help, v - describe, . - travel
Here: Sam Zyeg The floor.
Unknown command.
Press: ? - help, v - describe, . - travel
Here: Sam Zyeg The floor.
Unknown command.
Unknown command.
Blink to where?
Press: ? - help, Dir - move target
As you read the scroll of blinking, it crumbles to dust.
Okay, then.
Blink to where?
Press: ? - help, Dir - move target
As you read the scroll of blinking, it crumbles to dust.
There is a staircase leading out of the dungeon here.
Synnove is recalled.
You have escaped!

#.......#
##.##.##
#...#
#.......#
##.##.##
#....
#>..###.#
##.####.#
#..#.
...## #.#
##.####.##
#..#. #..#
#.#
#.####.##
#....
#.#####.#
##.##.##
#..##
........#
##.##.##
##...
#.#######
#.####R#
#### ..#
### #@##
### ###


You could see the friendly Synnove the knight (reflecting).

Vanquished Creatures
  Dissolution (Slime:4)
  4 dread liches (Zot:5)
  An orb of fire (Zot:5)
  A juggernaut (Depths:3)
  2 shard shrikes
  A royal mummy (Crypt:2)
  Josephina (Crypt:1)
  Bai Suzhen (Snake:3)
  4 Killer Klowns
  2 caustic shrikes (Depths:3)
  Saint Roka (Vaults:2)
  Vashnia (Snake:3)
  4 golden dragons
  Nikola (Depths:1)
  4 bone dragons
  A Tzitzimitl (Zot:3)
  2 electric golems
  7 liches
  6 tentacled monstrosities
  2 titans (Depths:3)
  A walking divine tome (Depths:3)
  Mlioglotl (Snake:1)
  A Hell Sentinel (Depths:3)
  16 Orb Guardians
  2 deep elf blademasters (Elf:3)
  A quicksilver dragon (Zot:4)
  A deep elf master archer (Elf:3)
  2 ancient champions (Crypt:2)
  10 acid blobs
  3 death cobs
  6 sphinxes
  9 tengu reavers
  Aizul (Snake:3)
  6 storm dragons
  6 shadow dragons
  4 rockslimes
  5 azure jellies
  A nagaraja (Snake:2)
  3 draconian monks
  3 draconian knights
  2 revenants
  3 thorn hunters (Swamp:4)
  3 frost giants
  6 fire giants
  2 balrugs
  4 deep elf sorcerers
  6 vault wardens
  4 draconian scorchers
  2 iron dragons
  5 ghouls
  6 curse skulls
  6 deep elf elementalists (Elf:3)
  A juggernaut zombie (Depths:3)
  3 orc warlords
  A cacodemon (Zot:2)
  2 draconian stormcallers
  6 draconian shifters
  8 very ugly things
  8 ironbound preservers
  7 quicksilver oozes
  A reaper (WizLab)
  8 stone giants
  5 war gargoyles
  10 ironbound thunderhulks
  5 formless jellyfish
  5 deep elf demonologists
  A lorocyproca (Zot:1)
  Azrael (Elf:1)
  6 vampire knights
  A white draconian (Zot:5)
  8 dire elephants
  4 black draconians
  A demonspawn black sun (Zot:1)
  8 purple draconians
  6 green draconians
  2 bunyips
  3 eleionomae
  4 deep elf annihilators
  8 red draconians
  4 yellow draconians
  4 spark wasps
  The ghost of Sompeu the Marksdraconian, a journeyman DrDe of Nemelex Xobeh (Lair:3)
  3 eidola
  3 deep elf death magi
  2 jiangshi (Crypt:2)
  A crystal guardian (Crypt:3)
  2 entropy weavers
  A merfolk javelineer (Depths:3)
  2 mummy priests
  2 shambling mangroves (Swamp:4)
  4 ettins
  4 deep elf high priests
  6 fire dragons
  10 yaktaur captains
  7 great orbs of eyes
  11 hydras
  6 salamander tyrants
  An ice dragon (Depths:4)
  9 alligators
  2 rakshasas
  3 ironbound frosthearts
  2 catoblepae
  2 hell beasts
  2 death knights
  The ghost of javelincjr the Mimic, a novice TrSh of Trog (D:9)
  3 ogre magi
  A fenstrider witch zombie (Crypt:1)
  6 ghost crabs
  11 anacondas
  4 centaur warriors
  The ghost of Sanktem7 the Cleaver, a novice MiFi (D:9)
  19 dancing weapons
  2 spriggan air magi
  2 vault guards
  16 two-headed ogres
  8 naga warriors
  6 boulder beetles
  A spectral fire giant (Depths:3)
  6 deep troll shamans
  5 death yaks
  A hell hog (Depths:2)
  7 deep troll earth magi
  12 naga sharpshooters
  2 vampire magi
  A sphinx skeleton (Depths:1)
  6 tengu warriors
  2 orc high priests
  An occultist (Depths:1)
  2 spriggan berserkers
  2 soul eaters
  7 shock serpents
  8 deep elf knights
  7 hell knights
  22 skeletal warriors
  The ghost of CowFu the Grappler, a novice DrSh of Gozag (D:9)
  3 sun demons (D:9)
  5 iron trolls
  The ghost of grandjackal the Trooper, a novice DjRe (D:9)
  28 deep trolls
  4 salamander mystics (Snake:4)
  3 naga ritualists (Snake:4)
  A shadow demon (Zot:3)
  4 goliath frogs
  10 swamp dragons
  6 glowing orange brains
  6 spriggan druids
  15 orc knights
  2 flayed ghosts
  A spectral hydra (Swamp:4)
  A bog body (Swamp:2)
  3 harpies
  8 ironbound convokers
  18 deep elf pyromancers
  10 mana vipers
  9 phantasmal warriors
  A shadow dragon zombie (Depths:1)
  12 lindwurms
  13 deep elf archers
  15 deep elf zephyrmancers
  A spriggan simulacrum (Crypt:1)
  A fire giant zombie (Depths:1)
  21 ugly things
  A wolf spider (D:15)
  2 iron dragon zombies (Crypt:3)
  5 arcanists
  7 cyclopes
  3 oklob plants
  9 necromancers
  A shadow dragon skeleton (Crypt:2)
  A tengu skeleton (Vaults:4)
  2 orc sorcerers
  6 shining eyes
  19 salamanders
  A wolf spider (shapeshifter) (Depths:3)
  A will-o-the-wisp (Swamp:3)
  The ghost of avis the Nimble, a novice FeSh of Gozag (D:9)
  A manticore (D:14)
  12 moths of wrath
  34 black mambas
  A fire giant skeleton (Depths:1)
  2 rust devils (Crypt:2)
  A stone giant skeleton (Vaults:4)
  2 smoke demons
  16 elephants
  7 guardian serpents (Snake:4)
  10 naga magi
  13 cane toads
  A draconian skeleton (Crypt:3)
  A titan simulacrum (Depths:3)
  12 vault sentinels
  6 gargoyles
  An orange demon (Crypt:2)
  A spriggan zombie (Depths:1)
  A kobold demonologist (D:12)
  5 eyes of devastation
  A hellion (WizLab)
  A dire elephant skeleton (Crypt:3)
  4 komodo dragons
  A harpy zombie (Crypt:3)
  4 freezing wraiths
  3 unseen horrors
  18 yaktaurs
  A minotaur skeleton (Crypt:1)
  3 tormentors (WizLab)
  An ice devil (WizLab)
  4 tengu conjurers
  A death drake zombie (Swamp:4)
  5 hydra zombies
  2 guardian mummies (Crypt:1)
  11 trolls
  A red devil (Depths:3)
  A meliai (shapeshifter) (D:13)
  2 meliai (D:15)
  9 tyrant leeches
  A wolf spider simulacrum (D:13)
  3 wind drakes
  15 hornets
  A hornet (shapeshifter) (Elf:3)
  A burning bush (Lair:3)
  A hydra skeleton (Swamp:4)
  2 glass eyes
  8 dream sheep
  13 blink frogs
  2 spectral guardian serpents (Crypt:1)
  2 death drake skeletons (Swamp:4)
  2 harpy skeletons (Crypt:3)
  A deep troll zombie (Vaults:4)
  23 flying skulls (Crypt:3)
  A centaur simulacrum (Crypt:1)
  42 slime creatures
  6 water elementals
  2 air elementals
  2 ynoxinuls (WizLab)
  An orc simulacrum (Crypt:1)
  7 wyverns
  31 yaks
  2 shadows
  A vampire (D:12)
  4 fire elementals
  7 spriggans
  7 wraiths
  A basilisk (Lair:4)
  13 golden eyes
  A redback (shapeshifter) (Vaults:1)
  2 redbacks (Vaults:1)
  3 chaos spawn
  3 wargs
  2 naga zombies (Crypt:3)
  15 vampire mosquitoes
  Edmund (D:4)
  12 swamp worms
  31 nagas
  2 acid dragons
  3 hydra simulacra (Swamp:4)
  10 water moccasins
  A glowing shapeshifter skeleton (Vaults:2)
  2 hell hounds (Elf:1)
  7 swamp drakes
  17 orc warriors
  A water nymph skeleton (Crypt:1)
  4 ice beasts
  2 black bears
  A black mamba simulacrum (Crypt:1)
  19 ogres
  A swamp dragon zombie (Swamp:4)
  2 human zombies
  16 wolves
  6 centaurs
  4 boggarts (Vaults:1)
  A lindwurm skeleton (Crypt:2)
  A phantom (D:4)
  4 kobold brigands
  3 necrophages
  2 earth elementals
  14 bullfrogs
  A salamander skeleton (Crypt:2)
  7 gnoll sergeants
  A scorpion (D:4)
  A glowing shapeshifter simulacrum (Depths:1)
  5 wights (D:8)
  14 killer bees
  A raiju skeleton (Crypt:1)
  13 howler monkeys
  5 electric eels
  6 jellies
  4 hounds
  4 gnoll boudas (Bailey)
  13 orc priests
  4 iron imps (Crypt:2)
  2 sleepcaps
  A human skeleton (Crypt:1)
  An iguana (D:5)
  14 orc wizards
  A killer bee zombie (Crypt:1)
  A deep dwarf zombie (Crypt:2)
  2 mummies (Crypt:1)
  6 adders
  27 gnolls
  2 river rats (Sewer)
  14 white imps
  2 worms
  A dart slug (D:2)
  80 orcs
  10 endoplasms
  10 giant cockroaches
  16 goblins
  8 hobgoblins
  3 jackals (D:1)
  22 kobolds
  3 quokkas
  9 ball pythons
  5 bats
  5 frilled lizards
  A quokka zombie (Crypt:2)
  9 rats
  A rat zombie (Crypt:1)
1759 creatures vanquished.

Vanquished Creatures (collateral kills)
  the Royal Jelly (Slime:5)
  A dread lich (Depths:3)
  2 orbs of fire
  3 ancient liches
  Frederick (Crypt:1)
  3 royal mummies
  A Killer Klown (Zot:5)
  2 curse toes
  Margery (Vaults:2)
  3 caustic shrikes
  4 golden dragons
  3 bone dragons
  9 Orb Guardians (Zot:5)
  4 tentacled monstrosities
  A lich (Zot:4)
  4 quicksilver dragons
  A deep elf master archer (Elf:3)
  3 acid blobs
  An Executioner (WizLab)
  A death cob (Zot:4)
  2 tengu reavers
  2 shadow dragons
  3 storm dragons
  Donald (Slime:5)
  A nagaraja (Snake:4)
  4 azure jellies
  Louise (Snake:4)
  2 vault wardens (Vaults:2)
  4 rockslimes
  2 draconian knights (Zot:4)
  3 deep elf sorcerers
  A ghost moth (Zot:4)
  A draconian shifter (Zot:3)
  2 iron dragons (Depths:3)
  A ghoul (Depths:3)
  6 fire giants
  A frost giant (Depths:3)
  A draconian scorcher (Zot:2)
  A demonspawn corrupter (Zot:1)
  3 war gargoyles
  A draconian annihilator (Zot:2)
  A curse skull (Vaults:3)
  2 deep elf elementalists
  2 ironbound thunderhulks (Depths:3)
  6 very ugly things
  5 stone giants
  5 ironbound preservers
  3 quicksilver oozes (Slime:5)
  An orc warlord (Orc:1)
  A deep elf demonologist (Elf:3)
  3 formless jellyfish
  A green draconian (Zot:5)
  4 red draconians
  2 black draconians (Zot:5)
  A vampire knight (Crypt:2)
  3 bunyips
  A white draconian (Zot:2)
  3 deep elf annihilators (Elf:3)
  A purple draconian (Zot:3)
  4 dire elephants
  3 spark wasps
  A yellow draconian (Zot:4)
  A mummy priest (Crypt:2)
  A merfolk javelineer (Depths:4)
  An eidolon (Crypt:1)
  5 ettins
  5 deep elf death magi
  A blizzard demon (WizLab)
  3 crystal guardians
  A jiangshi (Depths:3)
  An entropy weaver (Vaults:1)
  A deep elf high priest (Elf:3)
  2 fire dragons
  2 great orbs of eyes
  3 shambling mangroves
  2 vault guards (Vaults:1)
  2 ice dragons
  A rakshasa (Depths:2)
  2 spriggan air magi (Depths:2)
  7 hydras
  A peacekeeper (Vaults:3)
  A ghost crab (Swamp:2)
  3 ironbound frosthearts (Vaults:3)
  4 alligators
  2 ogre magi (Depths:3)
  A spriggan skeleton (Crypt:3)
  14 two-headed ogres
  An anaconda (Snake:4)
  A centaur warrior (D:13)
  A dancing weapon (Elf:2)
  A catoblepas (D:13)
  2 naga warriors
  3 death yaks
  A vampire mage (Depths:3)
  4 deep troll shamans
  2 titan zombies
  2 deep troll earth magi
  An occultist (Depths:1)
  2 hell knights (Crypt:3)
  3 soul eaters
  3 naga sharpshooters
  Nergalle (Lair:3)
  3 shock serpents
  3 sun demons
  3 deep elf knights
  3 salamander mystics
  A fire crab (shapeshifter) (Vaults:1)
  2 iron trolls
  8 skeletal warriors
  2 spectral hydras (Swamp:4)
  14 deep trolls
  2 glowing orange brains (Zot:4)
  4 flayed ghosts
  3 naga ritualists
  A sixfirhy (Zot:2)
  A shadow demon (WizLab)
  4 swamp dragons
  A bog body (Swamp:3)
  A golden dragon skeleton (Crypt:3)
  A spriggan simulacrum (Crypt:1)
  7 lindwurms
  11 deep elf archers
  6 ironbound convokers
  6 deep elf pyromancers
  3 phantasmal warriors
  A harpy (Depths:3)
  5 necromancers
  6 deep elf zephyrmancers
  7 mana vipers
  A human zombie (Vaults:2)
  16 ugly things
  2 orc knights
  An oklob plant (Swamp:4)
  A manticore (D:14)
  2 orc sorcerers
  A will-o-the-wisp (Swamp:4)
  6 salamanders
  4 cyclopes
  2 moths of wrath (Zot:5)
  A manticore (shapeshifter) (Depths:2)
  9 elephants
  A vault sentinel (Vaults:3)
  6 black mambas
  A black mamba (shapeshifter) (D:13)
  A gargoyle (D:13)
  An unseen horror (D:11)
  Jeremiah (D:8)
  4 naga magi
  A cane toad (shapeshifter) (Elf:1)
  10 cane toads
  3 komodo dragons
  A guardian mummy (Crypt:1)
  An unseen horror skeleton (Crypt:1)
  7 freezing wraiths
  A tengu conjurer (Depths:3)
  9 yaktaurs
  A meliai (D:15)
  5 hornets
  A sea snake skeleton (Crypt:2)
  2 tyrant leeches
  5 trolls
  3 polar bears
  7 blink frogs
  A dream sheep (Lair:3)
  11 flying skulls (Crypt:3)
  20 slime creatures
  A vampire (D:11)
  A spriggan (shapeshifter) (D:13)
  A shadow (D:6)
  18 yaks
  An air elemental (Elf:1)
  4 spriggans
  A wraith (Crypt:1)
  A wyvern (D:9)
  A basilisk (shapeshifter) (D:15)
  3 basilisks
  An elf skeleton (Vaults:2)
  Eustachio (D:4)
  A redback (Vaults:1)
  A steam dragon (D:7)
  Menkaure (D:5)
  A chaos spawn (WizLab)
  10 vampire mosquitoes
  13 nagas
  3 swamp worms
  8 water moccasins
  3 glowing shapeshifter zombies
  2 hell hounds (Elf:1)
  2 swamp drakes
  5 orc warriors
  8 ogres
  4 wolves
  A manticore skeleton (Crypt:2)
  An earth elemental (Elf:1)
  7 bullfrogs
  A scorpion (D:6)
  3 gnoll sergeants
  2 spriggan zombies
  3 killer bees
  A howler monkey (D:9)
  3 orc priests
  2 gnoll boudas (Bailey)
  A jelly (Sewer)
  2 iron imps (Crypt:2)
  2 human skeletons (Crypt:1)
  3 iguanas
  2 sleepcaps
  5 orc wizards
  2 mummies (Crypt:1)
  9 gnolls
  An adder (D:4)
  A river rat (Sewer)
  4 worms
  14 orcs
  2 ball pythons (Sewer)
  A bat (D:3)
  7 endoplasms
  2 giant cockroaches (Sewer)
  2 kobolds (D:9)
  A rat (Sewer)
680 creatures vanquished.

Vanquished Creatures (others)
  A vault warden (Vaults:4)
  2 stone giants
  An eleionoma (Swamp:3)
  An ettin (Depths:4)
  A yaktaur captain (Vaults:2)
  An ogre mage (Orc:2)
  A centaur warrior (Vaults:1)
  A deep elf knight (Elf:1)
  A deep troll (Depths:2)
  A deep elf archer (Elf:1)
  7 yaktaurs
  A hornet (Swamp:4)
  2 bloated husks
  A spriggan (Swamp:4)
  2 vampire mosquitoes
  35 knights
  2 ancestors (D:3)
  An orc (D:15)
  4 foxfires
66 creatures vanquished.

Grand Total: 2505 creatures vanquished

Notes
Turn   | Place    | Note
-------+----------+-------------------------------------------
     0 | D:1      | ParallaxScroll the Draconian Warper began the quest for the
                  | Orb.
     0 | D:1      | Reached XP level 1. HP: 17/17 MP: 3/3
   231 | D:1      | Reached XP level 2. HP: 24/24 MP: 5/5
   234 | D:1      | Learned a level 2 spell: Blink
   564 | D:1      | Reached XP level 3. HP: 26/29 MP: 6/6
  1591 | D:2      | Reached skill level 1 in Throwing
  1659 | D:2      | Reached XP level 4. HP: 37/37 MP: 7/7
  1803 | D:2      | Reached skill level 3 in Fighting
  1843 | D:2      | Found a faded altar of an unknown god.
  1871 | D:2      | Prayed at the altar of an unknown god.
  1871 | D:2      | Became a worshipper of Hepliaklqana the Forgotten
  1871 | D:2      | Reached * piety under Hepliaklqana
  2273 | D:3      | Reached skill level 1 in Evocations
  2622 | D:3      | Reached skill level 1 in Ranged Weapons
  2625 | D:3      | Reached XP level 5. HP: 41/41 MP: 8/8
  2646 | D:3      | Reached skill level 4 in Fighting
  2897 | D:4      | Reached ** piety under Hepliaklqana
  2898 | D:4      | Remembered your ancestor Synnove as a knight
  3044 | D:4      | Reached XP level 6. HP: 45/46 MP: 9/9
  3069 | D:4      | Noticed Eustachio
  3078 | D:4      | Killed Eustachio
  3351 | D:4      | Your scales start taking on a fiery red colour.
  3351 | D:4      | Reached XP level 7. HP: 51/54 MP: 10/10
  3351 | D:4      | Gained mutation: Your flesh is heat resistant. (rF+) [Red
                  | Draconian growth]
  3393 | D:4      | Reached skill level 5 in Fighting
  3534 | D:4      | Noticed Edmund
  3553 | D:4      | Killed Edmund
  3664 | D:4      | Reached skill level 5 in Ranged Weapons
  4482 | D:5      | Entered Level 5 of the Dungeon
  4486 | D:5      | Found a staircase to the Ecumenical Temple.
  4503 | D:5      | Reached XP level 8. HP: 61/61 MP: 11/11
  4557 | D:5      | Noticed Menkaure
  4564 | D:5      | Killed Menkaure
  4565 | D:5      | Reached skill level 6 in Fighting
  4684 | D:5      | Reached *** piety under Hepliaklqana
  4932 | D:5      | Reached skill level 1 in Invocations
  5088 | D:6      | Found a glowing drain.
  5130 | Sewer    | Entered a sewer
  5549 | Sewer    | Found a viscous altar of Jiyva.
  5601 | D:6      | Noticed a two-headed ogre
  5610 | D:6      | Killed a two-headed ogre
  5611 | D:6      | Reached skill level 7 in Fighting
  5611 | D:6      | Reached XP level 9. HP: 71/71 MP: 12/12
  6495 | D:6      | Found a burning altar of Makhleb.
  6919 | D:7      | Reached skill level 10 in Ranged Weapons
  6925 | D:7      | Reached **** piety under Hepliaklqana
  6937 | D:7      | Reached XP level 10. HP: 76/77 MP: 13/13
  7392 | D:8      | Noticed Jeremiah
  7623 | D:8      | Reached skill level 5 in Invocations
  7647 | D:8      | Found a flagged portal.
  7660 | Bailey   | Entered a bailey
  8881 | D:8      | Killed Jeremiah
  9039 | D:8      | Noticed a two-headed ogre
  9047 | D:8      | Killed a two-headed ogre
  9165 | D:8      | Reached ***** piety under Hepliaklqana
  9453 | D:9      | Found Isoudiriuma's Assorted Antiques.
  9492 | D:9      | Reached XP level 11. HP: 82/82 MP: 16/16
  9544 | D:9      | Bought a silvery potion for 18 gold pieces
  9544 | D:9      | Bought a jewelled bone wand for 80 gold pieces
  9544 | D:9      | Bought a fizzy red potion for 18 gold pieces
  9670 | D:9      | Found Hoergh's Jewellery Shoppe.
 10133 | D:9      | Found Coyroyfo's Antique Armour Emporium.
 10189 | D:9      | Found a staircase to the Orcish Mines.
 10244 | D:9      | Found Wygh's Magic Scroll Emporium.
 10279 | D:9      | Bought a scroll of fear for 56 gold pieces
 10283 | D:9      | Bought a scroll of identify for 28 gold pieces
 10283 | D:9      | Bought a scroll of identify for 28 gold pieces
 10283 | D:9      | Bought a scroll of identify for 28 gold pieces
 10283 | D:9      | Bought a scroll of identify for 28 gold pieces
 10425 | D:9      | Found a staircase to the Lair.
 10484 | D:9      | Found a runed translucent gate.
 10484 | D:9      | Found a runed translucent gate.
 10485 | D:9      | Noticed a two-headed ogre
 10491 | D:9      | Killed a two-headed ogre
 10612 | D:9      | Found a runed translucent gate.
 10613 | D:9      | Noticed avis's ghost (novice FeSh)
 10613 | D:9      | Noticed grandjackal's ghost (novice DjRe)
 10613 | D:9      | Noticed javelincjr's ghost (novice TrSh)
 10613 | D:9      | Noticed CowFu's ghost (novice DrSh)
 10613 | D:9      | Noticed Sanktem7's ghost (novice MiFi)
 10826 | D:10     | Entered Level 10 of the Dungeon
 10860 | D:10     | Found Rueq's Fire Supplies.
 11013 | D:10     | Noticed a two-headed ogre
 11025 | D:10     | Killed a two-headed ogre
 11407 | D:10     | Found a stormy altar of Qazlal.
 11708 | D:10     | Found a glowing silver altar of Zin.
 11985 | D:11     | Noticed a skeletal warrior
 12048 | Lair:1   | Entered Level 1 of the Lair of Beasts
 12153 | D:9      | Reached skill level 5 in Dodging
 12223 | Lair:1   | Reached XP level 12. HP: 59/90 MP: 18/18
 12370 | D:9      | Reached skill level 8 in Fighting
 12976 | Lair:1   | Reached skill level 9 in Fighting
 13729 | Lair:1   | Reached skill level 10 in Fighting
 14517 | Lair:2   | Identified the +6 morningstar "Gatidaat" {elec, rElec rPois
                  | rN++ Dex-5}
 14556 | Lair:2   | Noticed a catoblepas
 14575 | Lair:2   | Killed a catoblepas
 14741 | Lair:2   | Noticed a six-headed hydra
 14749 | Lair:2   | Killed a six-headed hydra
 14835 | Lair:2   | Noticed a seven-headed hydra
 14890 | Lair:2   | Found a staircase to the Snake Pit.
 15030 | Lair:2   | Killed a seven-headed hydra
 15031 | Lair:2   | Reached skill level 11 in Fighting
 15250 | Lair:2   | Found a snail-covered altar of Cheibriados.
 15728 | Lair:2   | Reached XP level 13. HP: 61/104 MP: 16/19
 16241 | Lair:3   | Noticed Nergalle
 16255 | Lair:3   | Killed Nergalle
 16430 | Lair:3   | Reached ****** piety under Hepliaklqana
 16467 | Lair:3   | Reached skill level 5 in Evocations
 16612 | Lair:3   | Found a staircase to the Swamp.
 16784 | Lair:3   | Found a runed translucent door.
 16784 | Lair:3   | Noticed Sompeu's ghost (journeyman DrDe)
 17303 | Lair:4   | Reached skill level 12 in Fighting
 17876 | Lair:4   | Reached skill level 10 in Dodging
 19306 | Lair:5   | Entered Level 5 of the Lair of Beasts
 19415 | Lair:4   | Reached skill level 13 in Fighting
 19935 | Lair:5   | Identified the +2 rapier of Checkmate {freeze, rC- Will+
                  | Dex+4 Stlth+}
 19952 | Lair:5   | Reached XP level 14. HP: 116/116 MP: 20/20
 20167 | Lair:5   | Reached skill level 14 in Fighting
 20397 | Lair:5   | Found a staircase to the Slime Pits.
 20791 | Lair:5   | Reached skill level 5 in Translocations
 21761 | D:9      | Bought a scroll of acquirement for 728 gold pieces
 21761 | D:9      | Acquired 863 gold pieces
 21850 | D:11     | Found an ancient bone altar of Kikubaaqudgha.
 21852 | D:11     | Found a hide-covered altar of Uskayaw.
 21852 | D:11     | Found a snail-covered altar of Cheibriados.
 21854 | D:11     | Found a shimmering altar of Xom.
 21854 | D:11     | Found a shimmering altar of Xom.
 21854 | D:11     | Found a blossoming altar of Fedhas.
 22162 | D:9      | Bought the ring of Kikubaaqudgha's Pride {rPois Str+5
                  | Dex+6} for 865 gold pieces
 22244 | D:11     | Identified the +1 short sword "Doffoid" {heavy, rF+ MP+9
                  | Dex+4}
 22492 | Orc:1    | Entered Level 1 of the Orcish Mines
 22973 | Orc:2    | Entered Level 2 of the Orcish Mines
 23008 | Orc:2    | Found Emet's Book Shop.
 23053 | Orc:2    | Found a staircase to the Elven Halls.
 23059 | Orc:2    | Reached skill level 15 in Ranged Weapons
 23819 | Orc:2    | Reached XP level 15. HP: 110/125 MP: 21/21
 24311 | Orc:1    | Reached skill level 1 in Transmutations
 24589 | Orc:2    | Found Untinten's Antique Armour Boutique.
 24599 | Orc:2    | Found Zaurual's Jewellery Shoppe.
 24605 | Orc:2    | Found Zaamioleu's Weapon Boutique.
 25029 | Orc:2    | Bought a pair of runed boots for 262 gold pieces
 25102 | Snake:1  | Entered Level 1 of the Snake Pit
 25116 | Snake:1  | Reached skill level 15 in Fighting
 25207 | Snake:1  | Noticed Mlioglotl
 25282 | Snake:1  | Learned a level 2 spell: Wereblood
 25992 | Snake:1  | Found Kemapsut's General Store.
 25999 | Snake:1  | Bought a potion of degeneration for 17 gold pieces
 26665 | Snake:1  | Killed Mlioglotl
 27239 | Snake:2  | Found Lad Mio's Book Emporium.
 27239 | Snake:2  | Noticed a nagaraja
 27244 | Snake:2  | Killed a nagaraja
 27245 | Snake:2  | Found Qubaeti's Jewellery Shop.
 27246 | Snake:2  | Found Egunetom's Book Emporium.
 27443 | Snake:2  | You fall into a shaft and drop 1 floor!
 28600 | Snake:3  | Found Jexielez's Book Shoppe.
 28693 | Snake:3  | Reached XP level 16. HP: 89/134 MP: 22/22
 28870 | Snake:3  | Noticed Vashnia
 29280 | Swamp:1  | Entered Level 1 of the Swamp
 29480 | Swamp:1  | Noticed a Hell Sentinel
 29860 | Lair:3   | Found a staircase to the Swamp.
 30487 | Lair:3   | Found a staircase to the Swamp.
 31203 | Lair:3   | Reached skill level 16 in Fighting
 32090 | Swamp:1  | Found a transporter.
 32163 | Swamp:1  | Noticed avis's ghost (journeyman FeSh)
 32173 | Swamp:1  | Found a transporter.
 34617 | Swamp:4  | Entered Level 4 of the Swamp
 34882 | Swamp:3  | Reached skill level 17 in Fighting
 36273 | D:11     | Found an ancient bone altar of Kikubaaqudgha.
 36275 | D:11     | Found a snail-covered altar of Cheibriados.
 36277 | D:11     | Found a shimmering altar of Xom.
 36277 | D:11     | Found a shimmering altar of Xom.
 36277 | D:11     | Found a blossoming altar of Fedhas.
 37451 | D:13     | Reached XP level 17. HP: 144/144 MP: 21/23
 37509 | D:13     | Reached skill level 5 in Transmutations
 38407 | D:14     | Found a shadowy altar of Dithmenos.
 39071 | D:14     | Found a gate to the Vaults.
 39105 | D:15     | Entered Level 15 of the Dungeon
 39311 | D:15     | Found an iron altar of Okawaru.
 39328 | D:15     | Reached skill level 18 in Fighting
 39820 | D:15     | Found Wiqaos's Jewellery Boutique.
 40009 | D:15     | Found a staircase to the Depths.
 40275 | D:9      | Killed javelincjr's ghost
 40286 | D:9      | Killed Sanktem7's ghost
 40289 | D:9      | Killed grandjackal's ghost
 40292 | D:9      | Killed avis's ghost
 40294 | D:9      | Killed CowFu's ghost
 40553 | Lair:3   | Killed Sompeu's ghost
 40925 | Snake:3  | Identified the serpent talisman of Words of Power {Dex+6}
 40925 | Snake:3  | Noticed Aizul
 40931 | Snake:3  | Killed Vashnia
 41229 | Snake:3  | Killed Aizul
 41535 | Snake:3  | Noticed Bai Suzhen
 41546 | Snake:3  | Killed Bai Suzhen
 41771 | Snake:4  | Entered Level 4 of the Snake Pit
 41995 | Snake:4  | Noticed Louise
 42003 | Snake:4  | Killed Louise
 42409 | Snake:4  | Reached XP level 18. HP: 123/156 MP: 19/24
 42415 | Snake:4  | Reached skill level 19 in Fighting
 43104 | Snake:4  | Reached skill level 15 in Dodging
 43423 | Snake:4  | Reached skill level 10 in Evocations
 44122 | Snake:4  | Got a serpentine rune of Zot
 47906 | Swamp:4  | Reached skill level 20 in Fighting
 48157 | Swamp:4  | Found a basalt altar of Yredelemnul.
 48242 | Swamp:4  | Reached XP level 19. HP: 155/166 MP: 25/25
 48268 | Swamp:4  | Found a blossoming altar of Fedhas.
 48334 | Swamp:4  | Got a decaying rune of Zot
 48786 | Elf:1    | Entered Level 1 of the Elven Halls
 49227 | Elf:1    | Found Poeju's Book Shop.
 49372 | Elf:1    | Found Jiqueb's Assorted Antiques.
 49674 | Elf:1    | Noticed Azrael
 49678 | Elf:1    | Killed Azrael
 49765 | Elf:1    | Found Xuseogoj's Antique Armour Shop.
 49822 | Elf:1    | Found Leymany's Distillery.
 50025 | Elf:1    | Found Rige Cekej's Magic Scroll Shoppe.
 50031 | Elf:1    | Bought a scroll of fear for 64 gold pieces
 50882 | Elf:2    | Paralysed by an air elemental for 1 turns
 51035 | Elf:2    | Found a shimmering blue altar of Sif Muna.
 51045 | Elf:2    | Got the Book of Phantasmal Feathers
 51146 | Elf:2    | Found a runed translucent gate.
 51147 | Elf:2    | Found a runed translucent gate.
 51147 | Elf:2    | Found a runed translucent gate.
 51202 | Elf:3    | Entered Level 3 of the Elven Halls
 51395 | D:9      | Bought a ring of willpower for 375 gold pieces
 51665 | Elf:3    | Reached skill level 10 in Invocations
 51825 | Elf:3    | Reached skill level 1 in Hexes
 52220 | Elf:3    | Reached skill level 5 in Hexes
 53366 | Elf:3    | Identified the +3 whip "Bettur" {flame, Str+2 Dex+3}
 53982 | Elf:3    | Identified the +9 scimitar of Responsibility {elec, rPois
                  | Int+2}
 54019 | Elf:3    | Learned a level 4 spell: Dimensional Bullseye
 54128 | Elf:3    | Identified the +3 rapier "Bung" {flame, rPois}
 54213 | Elf:3    | Identified the +9 flail of Loeny {heavy, Will+}
 54240 | Elf:3    | Reached XP level 20. HP: 135/175 MP: 22/27
 54243 | Elf:3    | Identified the +2 trident "Ytun" {holy, +Blink rPois rN+}
 54423 | Elf:3    | Identified the staff of Osurchoto {Dex+4 Earth}
 54440 | Elf:3    | Identified the amulet "Joyhih" {Faith rCorr}
 55219 | Elf:3    | Learned a level 5 spell: Yara's Violent Unravelling
 55223 | Elf:3    | Got the Compilation of Fever and Hypothermia
 55433 | Orc:2    | Bought the amulet "Dolukh" {RegenMP rC++ Int+2} for 997
                  | gold pieces
 55593 | Vaults:1 | Entered Level 1 of the Vaults
 55634 | Vaults:1 | Reached skill level 10 in Hexes
 56561 | Vaults:1 | Identified the +1 spear of the Sea {freeze, Fragile rF+
                  | rCorr Int+2}
 56651 | Vaults:1 | You fall into a shaft and drop 1 floor!
 56659 | Vaults:2 | Reached skill level 1 in Shields
 56744 | Vaults:2 | Noticed Saint Roka
 56756 | Vaults:2 | Killed Saint Roka
 56842 | Vaults:2 | Found a magical portal.
 56860 | WizLab   | Entered Doroklohe's Tomb
 57931 | WizLab   | Identified the +0 robe of the Lion {+Inv Will+}
 58254 | Vaults:1 | Learned a level 3 spell: Tukima's Dance
 58492 | Vaults:1 | Found Puoqup's Assorted Antiques.
 59008 | Vaults:1 | Found the +5 glaive of the Guard {elec, spectral}
 59037 | Vaults:1 | Identified the amulet "Ekamutz" {Regen+ Stlth+}
 59888 | Vaults:2 | Identified the +2 robe of the Distant Future {rC+ Will+
                  | Int-4 Archmagi}
 59888 | Vaults:2 | Identified the ring "Vunwicwe" {Ice Str+4 Dex+3 SInv}
 59891 | Vaults:2 | Reached skill level 5 in Shields
 60352 | Vaults:3 | Found a staircase to the Crypt.
 60731 | Vaults:3 | Reached XP level 21. HP: 126/181 MP: 28/28
 60749 | Vaults:3 | Found a flickering gateway to a bazaar.
 60767 | Bazaar   | Entered a bazaar
 60767 | Bazaar   | Found Hoyskukh's Jewellery Shop.
 60767 | Bazaar   | Found Wostrer's Book Emporium.
 60845 | Bazaar   | Found Usocuili's Magic Scroll Boutique.
 60879 | Bazaar   | Found Tedill's Book Emporium.
 60885 | Bazaar   | Found Zeehidao's General Store.
 60916 | Bazaar   | Bought a potion of curing for 27 gold pieces
 60916 | Bazaar   | Bought a scroll of blinking for 67 gold pieces
 60949 | Bazaar   | Bought a scroll of blinking for 67 gold pieces
 60949 | Bazaar   | Bought a scroll of teleportation for 27 gold pieces
 60949 | Bazaar   | Bought a scroll of teleportation for 27 gold pieces
 60965 | Bazaar   | Bought a book of Party Tricks for 198 gold pieces
 60978 | Vaults:3 | Learned a level 1 spell: Apportation
 60983 | Vaults:3 | Learned a level 4 spell: Passage of Golubria
 61643 | Vaults:1 | Bought a pair of ancient boots for 332 gold pieces
 61643 | Vaults:1 | Identified the +0 pair of boots of Uskayaw's Delight
                  | {Rampage rCorr} (You bought it in a shop on level 1 of the
                  | Vaults)
 62535 | Vaults:2 | Noticed Margery
 62543 | Vaults:2 | Reached skill level 10 in Shields
 62545 | Vaults:2 | Killed Margery
 62680 | Vaults:2 | Identified the +2 kite shield of Salvation {rC++ rN+ Str+3
                  | Dex-2}
 62757 | Vaults:2 | Identified the +8 glaive of Juwoh {speed, rC+}
 63201 | Vaults:3 | Found Zuytuosch's Magic Scroll Boutique.
 63205 | Vaults:3 | Bought a scroll of revelation for 142 gold pieces
 63260 | Vaults:3 | Identified the +4 war axe of Agony {speed, rF+}
 63317 | Vaults:3 | Found Vaqeott's Magic Scroll Shoppe.
 63325 | Vaults:3 | Bought a scroll of revelation for 120 gold pieces
 63416 | Vaults:3 | Identified the +4 short sword of Fate {flame, Int+5}
 63489 | Vaults:3 | Paralysed by a formless jellyfish for 1 turns
 65804 | Depths:1 | Entered Level 1 of the Depths
 65958 | Depths:1 | Reached XP level 22. HP: 189/189 MP: 27/29
 66005 | Depths:1 | Found Acobrahuv's Book Shoppe.
 66052 | Depths:1 | Found a gateway to Hell.
 66063 | Depths:1 | Found a flickering gateway to a bazaar.
 66104 | Bazaar   | Entered a bazaar
 66136 | Bazaar   | Found Kiololic's Magic Scroll Emporium.
 66147 | Bazaar   | Found Exkotytz's Assorted Antiques.
 66158 | Bazaar   | Found Hazin's Antique Armour Shoppe.
 66161 | Bazaar   | Found Saaposu's Weapon Shop.
 66168 | Bazaar   | Found Elyekhlamnya's Armour Boutique.
 66192 | Bazaar   | Bought a potion of haste for 210 gold pieces
 66192 | Bazaar   | Bought a scroll of enchant weapon for 157 gold pieces
 66192 | Bazaar   | Bought a scroll of enchant weapon for 157 gold pieces
 66204 | Bazaar   | Bought a scroll of enchant weapon for 127 gold pieces
 66205 | Bazaar   | Bought a scroll of revelation for 127 gold pieces
 66215 | Bazaar   | Bought a scroll of fear for 84 gold pieces
 66472 | Depths:1 | Identified the orb of the Conjuring Gods {*channel, Str+3}
 66646 | Depths:1 | Reached skill level 15 in Shields
 67391 | Depths:2 | Found a shimmering blue altar of Sif Muna.
 67538 | Depths:2 | Reached skill level 10 in Transmutations
 67606 | Depths:2 | Found a one-way gate leading to the halls of Pandemonium.
 67766 | Depths:2 | Identified the +12 sling of Bodily Humours {flame, +Blink
                  | rElec rN+ Dex-3}
 67798 | Depths:2 | Identified the +3 scale mail of True Grit {rElec rC+}
 68146 | Depths:2 | Noticed Nikola
 68210 | Depths:3 | Noticed a golden dragon
 68317 | Depths:3 | Killed a golden dragon
 68323 | Depths:3 | Reached skill level 21 in Fighting
 68477 | Depths:3 | Noticed a shard shrike
 68600 | Depths:2 | Killed a shard shrike
 68714 | Depths:3 | Noticed a shard shrike
 68798 | Depths:3 | Killed a shard shrike
 68832 | Depths:3 | Found a one-way gate to the infinite horrors of the Abyss.
 69279 | Depths:3 | Reached XP level 23. HP: 157/198 MP: 5/30
 69448 | Depths:3 | Noticed a juggernaut
 69456 | Depths:3 | Killed a juggernaut
 69461 | Depths:3 | Found a one-way gateway to a ziggurat.
 69785 | Depths:3 | Noticed a dread lich
 69891 | Depths:3 | Noticed a royal mummy
 69907 | Depths:3 | Killed a royal mummy
 69908 | Depths:3 | Killed a dread lich
 70159 | Depths:3 | Reached skill level 22 in Fighting
 70196 | Depths:3 | Reached skill level 1 in Conjurations
 70224 | Depths:3 | Identified the +11 falchion of Tender Mercy {vamp, rPois
                  | Int-4 SInv}
 70466 | Depths:3 | Identified the +9 arbalest of Nufis {penet, rElec Will+
                  | Dex+5}
 71125 | Depths:1 | Reached skill level 5 in Conjurations
 71133 | Depths:1 | Learned a level 5 spell: Irradiate
 71662 | Depths:1 | Found Acobrahuv's Book Shoppe.
 71784 | Depths:1 | Killed Nikola
 72115 | Depths:4 | Entered Level 4 of the Depths
 72157 | Depths:4 | Noticed a caustic shrike
 72160 | Depths:4 | Noticed a caustic shrike
 72161 | Depths:4 | Noticed a caustic shrike
 72163 | Depths:4 | Noticed a caustic shrike
 72166 | Depths:4 | Noticed a caustic shrike
 72176 | Depths:3 | Killed a caustic shrike
 72176 | Depths:3 | Killed a caustic shrike
 72332 | Depths:3 | Found a one-way gateway to a ziggurat.
 72473 | Depths:3 | Found a one-way gate to the infinite horrors of the Abyss.
 73139 | Depths:4 | Killed a caustic shrike
 73152 | Depths:3 | Killed a caustic shrike
 73153 | Depths:3 | Reached skill level 5 in Spellcasting
 73340 | Depths:3 | Killed a caustic shrike
 74258 | Depths:4 | Found a portal to a secret trove of treasure.
 74305 | Depths:4 | Found a glowing silver altar of Zin.
 74611 | Depths:4 | Reached XP level 24. HP: 207/207 MP: 30/30
 74699 | Depths:4 | Found a gate to the Realm of Zot.
 74805 | Depths:4 | Found a gate to the Realm of Zot.
 75144 | Depths:4 | Found a glowing silver altar of Zin.
 75178 | Depths:4 | Found a portal to a secret trove of treasure.
 75265 | Depths:4 | Upgraded the game from 0.31-a0-1074-g0b22e4e0f1 to
                  | 0.31-a0-1163-gcee99d1eea
 75915 | Slime:1  | Entered Level 1 of the Pits of Slime
 76019 | Slime:2  | Reached skill level 5 in Throwing
 76063 | Slime:4  | Noticed Dissolution
 76069 | Slime:4  | Killed Dissolution
 76334 | Slime:5  | Entered Level 5 of the Pits of Slime
 76539 | Slime:5  | Noticed the Royal Jelly
 76549 | Slime:5  | Killed the Royal Jelly
 76914 | Slime:4  | Paralysed by a formless jellyfish for 1 turns
 77138 | Slime:5  | Noticed Donald
 77147 | Slime:5  | Killed Donald
 77254 | Slime:5  | Found the macabre finger necklace {Finger+ rN+}
 77263 | Slime:5  | Identified the staff "Ahigifod" {rPois Necro Poison}
 77265 | Slime:5  | Identified the staff "Cemirigo" {MP-9 Dex+4 Conj Tmut}
 77267 | Slime:5  | Got a slimy rune of Zot
 77310 | Slime:5  | Got the Lectures on Spectral Conjuration
 77335 | Slime:5  | Identified the ring of Ufyrin Negae {Fire rElec rCorr
                  | Dex+4}
 77350 | Slime:5  | Identified the +1 robe "Buaggan" {rC+ Str+4}
 77390 | Slime:5  | Identified the staff of Efemnaos {rElec Int+6 Dex+3 Necro
                  | Air Poison}
 77633 | Elf:1    | Bought a potion of mutation for 96 gold pieces
 77907 | Crypt:1  | Entered Level 1 of the Crypt
 78161 | Crypt:1  | Identified the ring of Qemod {Ice rPois Str-3 Int+2 Stlth+}
 78161 | Crypt:1  | Noticed Josephina
 78167 | Crypt:1  | Killed Josephina
 78168 | Crypt:1  | Reached skill level 23 in Fighting
 78189 | Crypt:1  | Noticed Frederick
 78197 | Crypt:1  | Killed Frederick
 79353 | Crypt:2  | Noticed a royal mummy
 79679 | Crypt:2  | Killed a royal mummy
 79922 | Crypt:2  | Found a burning altar of Makhleb.
 80126 | Crypt:2  | Noticed a royal mummy
 80137 | Crypt:2  | Killed a royal mummy
 80157 | Crypt:2  | Noticed a royal mummy
 80513 | Crypt:2  | Found the +7 sceptre of Torment {pain, torment}
 80567 | Crypt:2  | Killed a royal mummy
 81102 | Crypt:2  | Found a burning altar of Makhleb.
 81232 | Crypt:3  | Entered Level 3 of the Crypt
 81259 | Crypt:2  | Found an ancient bone altar of Kikubaaqudgha.
 81891 | Crypt:3  | Reached XP level 25. HP: 218/218 MP: 30/30
 82246 | Crypt:3  | Noticed Vv
 82254 | Crypt:3  | Noticed an ancient lich
 83000 | Crypt:3  | Reached skill level 24 in Fighting
 83094 | Crypt:3  | Found an ancient bone altar of Kikubaaqudgha.
 83172 | Crypt:3  | Killed an ancient lich
 83581 | Snake:2  | Bought a +4 ring of slaying for 1482 gold pieces
 83876 | Zot:1    | Entered Level 1 of the Realm of Zot
 84982 | Zot:2    | Reached skill level 25 in Fighting
 85460 | Zot:3    | Noticed a Killer Klown
 85470 | Zot:3    | Killed a Killer Klown
 85573 | Zot:3    | Noticed an orb of fire
 85589 | Zot:3    | Killed an orb of fire
 86125 | Zot:4    | Noticed a Killer Klown
 86133 | Zot:4    | Killed a Killer Klown
 86780 | Zot:5    | Entered Level 5 of the Realm of Zot
 87205 | Zot:4    | Reached skill level 26 in Fighting
 87908 | Zot:4    | Gained mutation: You are weak. (Str -2) [a shining eye]
 88063 | Zot:4    | Reached XP level 26. HP: 234/234 MP: 30/30
 89381 | Zot:5    | Noticed a dread lich
 89389 | Zot:5    | Killed a dread lich
 89398 | Zot:5    | Noticed an ancient lich
 89401 | Zot:5    | Noticed a dread lich
 89406 | Zot:5    | Noticed an orb of fire
 89406 | Zot:5    | Killed an ancient lich
 89411 | Zot:5    | Killed a dread lich
 89412 | Zot:5    | Reached skill level 27 in Fighting
 89415 | Zot:5    | Killed an orb of fire
 89420 | Zot:5    | Noticed a dread lich
 89433 | Zot:5    | Killed a dread lich
 89610 | Zot:5    | Noticed an orb of fire
 89612 | Zot:5    | Gained mutation: You are frail. (-10% HP) [an orb of fire]
 89619 | Zot:5    | Gained mutation: You occasionally shout uncontrollably at
                  | your foes. [an orb of fire]
 89619 | Zot:5    | Gained mutation: You do not regenerate when monsters are
                  | visible. [an orb of fire]
 89620 | Zot:5    | Killed an orb of fire
 89626 | Zot:5    | Lost mutation: You occasionally shout uncontrollably at
                  | your foes. [potion of mutation]
 89626 | Zot:5    | Lost mutation: You do not regenerate when monsters are
                  | visible. [potion of mutation]
 89626 | Zot:5    | Gained mutation: You are partially covered in large bone
                  | plates. (SH +4) [potion of mutation]
 89626 | Zot:5    | Gained mutation: Your mind is acute. (Int +4, Str/Dex -1)
                  | [potion of mutation]
 89714 | Zot:5    | Noticed a dread lich
 89720 | Zot:5    | Killed a dread lich
 89917 | Zot:5    | Noticed an ancient lich
 89989 | Zot:5    | Killed an ancient lich
 90151 | Zot:5    | Got the Orb of Zot
 90639 | D:9      | Noticed Vuynn the pandemonium lord
 90674 | D:8      | Noticed Wanwup the pandemonium lord
 90838 | D:1      | Noticed Sam Zyeg the pandemonium lord
 90848 | D:$      | Escaped with the Orb!

Illustrated notes

Levels and vault maps discovered:
D:1:      nagdon_arrival_zigzag_paths, layout_basic, minmay_domino_4
D:2:      layout_basic, ebering_ecumenical_altar_petrified
D:3:      layout_basic
D:4:      layout_gridville, minmay_bent, uniq_edmund, uniq_eustachio
D:5:      layout_cave_pools, minmay_temple_entry_mini_moons, hex_large,
          kennysheep_generic_room_3, uniq_menkaure
D:6:      layout_loops_ring, lemuel_tele_altar, cheibrodos_sewer_entry_sluice,
          serial_bayou, serial_bayou_pond_e, serial_bayou_shore_b,
          serial_bayou_pond_e, serial_bayou_lake_a
D:7:      layout_gridville
D:8:      layout_basic, lightli_bailey_entry_fortress, uniq_jeremiah
D:9:      layout_cave_pools, minmay_lair_entry_grove, david_orc_5, serial_shops,
          nicolae_shop_stone, nicolae_shop_gaudy_bauble, nicolae_stop_n_shop_1,
          shop, gammafunk_ghost_cemetery
D:10:     layout_basic, grunt_qazlal_clouds, pf_just_have_faith,
          nicolae_shop_fire_sale [nicolae_sub_dead_trees]
D:11:     kennysheep_blocky_hall, layout_small_grid,
          amcnicky_mini_rare_corridor_liquid, doesnt_xom_only_xom
D:12:     layout_rooms, st_stairs_5
D:13:     nzn_winding_woodlands_stair_cross
          [nzn_winding_woodlands_5x15_sawtooth,
          nzn_winding_woodlands_center_triple_pond,
          nzn_winding_woodlands_5x15_default,
          nzn_winding_woodlands_5x5_closed_star,
          nzn_winding_woodlands_5x5_cross,
          nzn_winding_woodlands_5x15_pathside_ponds,
          nzn_winding_woodlands_center_garden,
          nzn_winding_woodlands_5x15_split_checker], layout_irregular_city,
          palyth_stone_intersect, minmay_misc_feat_enclosed, solitary_fountain
D:14:     layout_irregular_city, hellmonk_vaults_attempted_burglary,
          grunt_dithmenos_smoke_and_mirrors
D:15:     gammafunk_enter_depths_forms, layout_loops_ring, okawaru_gym_becter,
          serial_shops, shop, nicolae_twisty_statue_hallways
Lair:1:   layout_concentric_octagons, grunt_megastairs_4
Lair:2:   layout_chaotic_city, minmay_snake_entry_guardpost_medium,
          enter_volcano_1, basic_altar, serial_bayou_shore_b, grunt_megastairs_3
Lair:3:   layout_regular_city, mainiacjoe_swamp_entry_angry_trees,
          gammafunk_ghost_grave, ldierk_geyser, evilmike_ambush
          [evilmike_ambush_outer_basic, evilmike_ambush_inner_pond],
          uniq_nergalle
Lair:4:   layout_small_grid, chequers_serial_rivers_large_a
Lair:5:   minmay_lair_end_frog_pond, layout_cave_pods, slime_entry_1,
          serial_rivers, chequers_serial_rivers_room_a,
          chequers_serial_rivers_micro_a, chequers_serial_rivers_room_b,
          chequers_serial_rivers_small_3
Swamp:1:  layout_basic_swamp, gammafunk_ghost_abyssal_escape, serial_swamp_ruin,
          evilmike_swamp_ruin_house_6, evilmike_swamp_ruin_house_1,
          swamp_pool_1_2, nicolae_swamp_very_dense_foliage
Swamp:2:  layout_basic_swamp, nicolae_swamp_fairy_circle, swamp_pool_1_2,
          hangedman_swamp_dais
Swamp:3:  layout_falls_marsh, evilmike_swamp_ruin_house_4
Swamp:4:  byrel_swamp_growth_death_and_undeath, layout_basic_swamp
Snake:1:  layout_chambers, serial_shops, nicolae_square_shop, lemuel_fruit_tree,
          uniq_mlioglotl
Snake:2:  layout_chambers, nicolae_integral_box, minmay_shop_grove
Snake:3:  layout_rooms, serial_shops, shop, nicolae_snake_round_shape_thing,
          serial_bayou_pond_d, uniq_aizul, uniq_vashnia, uniq_bai_suzhen
Snake:4:  snake_pit_salamanders_mu, layout_cave_town, uniq_louise
Slime:1:  cheibrodos_slime_lost_civilization_10, layout_caves
Slime:2:  layout_caves
Slime:3:  layout_caves
Slime:4:  layout_caves, uniq_dissolution
Slime:5:  slime_pit, uniq_donald
Orc:1:    layout_caves, nicolae_orc_bridge_out
Orc:2:    st_orc_open, layout_caves, portal_ice_cave_entry_imps, mines1_david
Elf:1:    minmay_elf_arrival_summoners, layout_geoelf_octagon, serial_shops,
          shop, nicolae_shop_peninsula, shop, shop,
          nicolae_shop_back_alley_shop, minivault_28, uniq_azrael
Elf:2:    nicolae_elf_blades_crystal_corner, layout_gridlike,
          nicolae_elf_theology_debate
Elf:3:    elf_hall, layout_loops_ring, grunt_megastairs_5
Vaults:1: grunt_vaults_funnel, nicolae_vaults_little_ls, v_misc_15, v_misc_19,
          nicolae_vaults_six-pack, hangedman_vaults_stream,
          minmay_guarded_unrand_guard, nicolae_vaults_storage_room_statues,
          nicolae_vaults_wine_cellar, nicolae_vaults_spaceships,
          vaults_room_grunt_arrival_ludios, nicolae_vaults_trapezoid_2,
          v_misc_15, nicolae_vaults_double_plus_3, layout_vaults_maze,
          serial_shops, shop
Vaults:2: mu_enter_wizlab_6, ontoclasm_vaults_fault, nicolae_vaults_six-pack,
          nicolae_vaults_stepped_doors, nicolae_vaults_closet_pinwheel_6,
          nicolae_vaults_storing_the_good_stuff, nicolae_vaults_apartment_1,
          v_misc_5, v_misc_24, v_misc_17, nicolae_vaults_tetromino_T_2,
          layout_vaults_omnigrid, uniq_saint_roka, uniq_margery
Vaults:3: nicolae_vaults_doubleplus_tesselated, nicolae_vaults_whirlpool_walls,
          vaults_room_pools, v_rooms_1, ontoclasm_vaults_idyll,
          nicolae_vaults_stairing_the_circle, minmay_crypt_entry_simple_statues,
          nicolae_vaults_tetromino_T_1, grunt_vaults_trifunnel,
          nicolae_vaults_offset_grid_hallway_1, v_alt_pattern_6,
          vaults_room_hallway, layout_vaults_ring, serial_shops,
          bzr_entry_water, shop, shop
Vaults:4: nicolae_vaults_network_quinsquares
          [nicolae_vaults_network_quincunx_subvault,
          nicolae_vaults_network_quincunx_subvault,
          nicolae_vaults_network_quincunx_subvault,
          nicolae_vaults_network_quincunx_subvault], hangedman_vaults_capsules,
          hangedman_vaults_hat, v_misc_31, vaults_room_pool,
          nicolae_vaults_tangram_2, v_rooms_2, nicolae_vaults_prndl,
          vaults_room_hallway, vaults_room_corners,
          nicolae_vaults_trapezoid_lopsided_3, vaults_room_semicircle,
          nicolae_vaults_variable_pillar_hall, layout_vaults_big_cross
Crypt:1:  layout_misc_corridors, moated_statue, nrook_guardian_serpent_ordinary,
          grunt_crypt_arrival_guarded_gate, uniq_josephina, uniq_frederick
Crypt:2:  minmay_guarded_unrand_sceptre_of_torment, layout_rooms, minivault_14,
          fountainhead, lemuel_hellish_altar, grunt_megastairs_1,
          lemuel_upstairs_altar
Crypt:3:  cryptofortress_bobbens, uniq_vv
Depths:1: layout_basic, pf_coc_iceberg, amcnicky_mini_pool_small, serial_shops,
          bzr_entry_islet, minmay_shop_star, firewood_loft
Depths:2: cheibrodos_leafed_vault, layout_cave_shapes, pan_entry,
          hellmonk_sif_muna_bookshelves, hellmouth_1, uniq_nikola
Depths:3: hellmonk_hyper_hexagons [hex_subvault_dug_out, hex_subvault_bug,
          hex_subvault_spokes, hex_subvault_empty, hex_subvault_rings,
          hex_subvault_empty, hex_subvault_uneven], abyss_entry, hell_entry
Depths:4: grunt_zot_entry_tricorne, layout_cave_pools, grunt_mini_vestibule,
          nicolae_trove_entry_diagonal, chequers_serial_rivers_micro_d,
          zin_angel
Zot:1:    layout_basic, regret_index_zotdec_plus, uniq_grunn
Zot:2:    layout_misc_corridors
Zot:3:    grunt_deathspiral_small, layout_concentric_octagons
Zot:4:    hellmonk_crystal_mountain, layout_gridlike, skrybe_zot_glass_1,
          hellmonk_body_bag, grunt_megastairs_2
Zot:5:    layout_misc_corridors

Skill      XL: |  1  2  3  4  5  6  7  8  9 10 11 12 13 14 15 16 17 18 19 20 21 22 23 24 25 26 |
---------------+-------------------------------------------------------------------------------+-----
Long Blades    | 3 4 |  4.0
Throwing       | 1 2 4 8 9 |  9.0
Fighting       | 3 4 5 7 11 13 14 15 17 18 20 21 22 23 26 27 | 27.0
Evocations     | 1 3 4 7 8 9 10 11 | 11.0
Ranged Weapons | 1 3 4 5 7 10 11 14 15 18 19 20 | 20.0
Dodging        | 3 4 5 8 10 11 12 14 15 16 17 19 20 21 | 21.9
Invocations    | 3 7 8 9 10 | 10.0
Translocations | 4 5 6 8 9 |  9.0
Transmutations | 4 7 9 11 12 | 12.0
Spellcasting   | 3 4 5 |  5.0
Hexes          | 7 12 | 12.0
Shields        | 7 14 16 | 16.0
Conjurations   | 8 9 |  9.0

Action                     |  1- 3 |  4- 6 |  7- 9 | 10-12 | 13-15 | 16-18 | 19-21 | 22-24 | 25-27 || total
---------------------------+-------+-------+-------+-------+-------+-------+-------+-------+-------++-------
  Melee: Falchion          |    78 |       |       |       |       |       |       |       |       ||    78
         Tailslap          |    14 |    11 |       |       |       |       |       |       |       ||    25
         Long sword        |    48 |    50 |       |       |       |       |       |       |       ||    98
   Fire: Sling             |       |   117 |   340 |   974 |   807 |       |       |       |       ||  2238
         Orcbow            |       |       |       |       |   501 |       |       |       |       ||   501
         Arbalest          |       |       |       |       |   228 |   987 |   408 |   761 |   832 ||  3216
         Longbow           |       |       |       |       |    34 |       |       |       |       ||    34
         Hand cannon       |       |       |       |       |       |       |   841 |   607 |       ||  1448
  Throw: Stone             |     9 |     1 |       |       |       |       |       |       |       ||    10
         Dart              |       |       |       |       |     4 |     9 |     5 |     1 |       ||    19
         Javelin           |       |       |       |       |       |       |     6 |       |       ||     6
   Cast: Wereblood         |       |       |       |       |       |    63 |    38 |   102 |    35 ||   238
         Blink             |       |       |       |       |       |     1 |     1 |       |       ||     2
         Yara's Violent Un |       |       |       |       |       |       |     5 |     4 |       ||     9
         Dimensional Bulls |       |       |       |       |       |       |    21 |    30 |     6 ||    57
         Irradiate         |       |       |       |       |       |       |       |     7 |     5 ||    12
 Invoke: Recall Ancestor   |       |     2 |     1 |    10 |    10 |    13 |     8 |    13 |    16 ||    73
         Ancestor Life: Kn |       |     1 |       |       |       |       |       |       |       ||     1
         Idealise          |       |       |       |     1 |    10 |    10 |    11 |     7 |     4 ||    43
         Transference      |       |       |       |       |     1 |     2 |     3 |     4 |       ||    10
Ability: Breathe Fire      |       |       |       |    42 |    27 |    22 |     1 |     1 |       ||    93
  Evoke: Wand              |       |       |     1 |     1 |     1 |     4 |    15 |     2 |     4 ||    28
         Phantom mirror    |       |       |       |       |     2 |     1 |       |     2 |     2 ||     7
         Condenser vane    |       |       |       |       |       |     2 |     6 |     2 |       ||    10
         Box of beasts     |       |       |       |       |       |     1 |     1 |     1 |       ||     3
    Use: Scroll            |     2 |     4 |     7 |    13 |    13 |     7 |     6 |    14 |     8 ||    74
         Potion            |       |       |       |       |       |     3 |     6 |     4 |     8 ||    21
   Stab: Sleeping          |     1 |       |       |       |       |       |       |       |       ||     1
         Distracted        |     1 |       |       |       |       |       |       |       |       ||     1
 Armour: Skin              |    63 |    41 |    24 |   201 |   298 |   394 |   251 |   351 |   188 ||  1811
  Dodge: Dodged            |    83 |    51 |    22 |   257 |   503 |   530 |   355 |   642 |   369 ||  2812
  Block: Other             |       |       |       |    69 |   146 |    99 |    11 |       |     1 ||   326
         Reflection        |       |       |       |     2 |     3 |    12 |     5 |       |       ||    22
         Buckler           |       |       |       |       |       |       |    71 |       |       ||    71
         Kite shield       |       |       |       |       |       |       |    74 |   203 |       ||   277

Table legend: (Time is in decaauts)
 A = Elapsed time spent in this place.
 B = Non-inter-level travel time spent in this place.
 C = Inter-level travel time spent in this place.
 D = Time resting spent in this place.
 E = Time spent auto-exploring this place.
 F = Levels seen in this place.
 G = Mean time per level.
                   A        B        C        D        E       F      G
               +--------+--------+--------+--------+--------+-----+--------+
         Total |  91825 |  79504 |  12321 |  28695 |  37035 |  59 | 1556.4 |
       Dungeon |  18895 |  15976 |   2919 |   3556 |   9605 |  15 | 1259.7 |
          Lair |  11462 |  10158 |   1304 |   2490 |   6260 |   5 | 2292.4 |
         Swamp |   8366 |   7738 |    628 |   3818 |   2939 |   4 | 2091.5 |
     Snake Pit |   9076 |   8070 |   1006 |   2798 |   4089 |   4 | 2269.0 |
    Slime Pits |   1571 |   1410 |    161 |    636 |    411 |   5 |  314.2 |
  Orcish Mines |   2939 |   2323 |    616 |   1125 |    728 |   2 | 1469.5 |
   Elven Halls |   6973 |   5781 |   1192 |   2116 |   2784 |   3 | 2324.3 |
        Vaults |   8176 |   6852 |   1324 |   2219 |   3191 |   4 | 2044.0 |
         Crypt |   5043 |   4350 |    693 |   1657 |   1927 |   3 | 1681.0 |
        Depths |   9838 |   8425 |   1413 |   3004 |   3606 |   4 | 2459.5 |
           Zot |   6549 |   5490 |   1059 |   3547 |    915 |   5 | 1309.8 |
        Bazaar |    322 |    322 |      0 |      0 |    199 |   2 |  161.0 |
         Sewer |    481 |    481 |      0 |    241 |    116 |   1 |  481.0 |
        Bailey |    976 |    976 |      0 |    577 |    176 |   1 |  976.0 |
        Wizlab |   1151 |   1151 |      0 |    907 |     85 |   1 | 1151.0 |
               +--------+--------+--------+--------+--------+-----+--------+

Top non-repeatable levels by time:
   Elf:3: 4111 daAuts
Depths:3: 3988 daAuts
  Lair:3: 3701 daAuts
 Snake:4: 3090 daAuts
 Snake:2: 2860 daAuts
 Swamp:4: 2829 daAuts
Vaults:2: 2648 daAuts
     D:9: 2343 daAuts
 Swamp:3: 2296 daAuts
  Lair:4: 2209 daAuts
   Zot:4: 2204 daAuts
  Lair:1: 2128 daAuts
Vaults:3: 2006 daAuts
Depths:1: 1981 daAuts
Depths:2: 1938 daAuts
